 Dungeon Crawl Stone Soup version 0.28-a0-726-g4a9143789a (webtiles) character file.

Game seed: 7999134467359616027

4195 kae the Cleaver (level 10, 0/88 HPs)
             Began as a Hill Orc Cinder Acolyte on Oct 27, 2021.
             Was a High Priest of Ignis.
             Slain by a cyan ugly thing (14 damage)
             ... on level 8 of the Dungeon.
             The game lasted 00:08:27 (15269 turns).

kae the Cleaver (Hill Orc Cinder Acolyte)          Turns: 15269, Time: 00:08:28

Health: 0/88       AC: 15    Str: 18    XL:     10   Next: 29%
Magic:  7/16       EV:  7    Int: 16    God:    Ignis [*****.]
Gold:   560        SH:  5    Dex:  7    Spells: 15/17 levels left

rFire   + . .      SeeInvis .   a - +0 hand axe (flame)
rCold   . . .      Faith    .   q - +1 buckler
rNeg    . . .      Spirit   .   u - +2 chain mail
rPois   +          Reflect  .   (no helmet)
rElec   .          Harm     .   (no cloak)
rCorr   .          Rampage  .   (no gloves)
Will    .....                   (no boots)
Stlth   ..........              (no amulet)
HPRegen 0.24/turn               k - +4 ring of protection
MPRegen 0.15/turn               d - ring of poison resistance

@: no status effects
A: no striking features
a: Renounce Religion, Sea of Fire, Foxfire Swarm, Rising Flame


You were on level 8 of the Dungeon.
You worshipped Ignis.
Ignis was extremely pleased with you.
You visited 1 branch of the dungeon, and saw 9 of its levels.

You collected 560 gold pieces.

Inventory:

Hand Weapons
 a - a +0 hand axe of flaming (weapon)
Missiles
 g - 3 throwing nets (quivered)
Armour
 b - a +0 robe
 q - a +1 buckler (worn)
 u - a +2 chain mail (worn)
Jewellery
 d - a ring of poison resistance (right hand)
 k - a +4 ring of protection (left hand)
 n - a +4 ring of evasion
 t - a ring of fire
 v - a +4 ring of slaying
Wands
 l - a wand of polymorph (13)
 r - a wand of iceblast (9)
Scrolls
 p - a scroll of enchant weapon
 w - a scroll of amnesia
Potions
 c - 4 potions of haste
 e - a potion of invisibility
 f - 2 potions of attraction
 h - 2 potions of brilliance {unknown}
 i - a potion of mutation {unknown}
 j - 3 potions of resistance {unknown}
 m - a potion of magic
 o - a potion of cancellation {unknown}
 s - 2 potions of lignification {unknown}


   Skills:
 + Level 8.0 Fighting
 * Level 11.6 Axes
 + Level 5.2 Armour
 - Level 4.0 Shields
 + Level 4.4 Spellcasting
 + Level 7.2 Fire Magic


You had 15 spell levels left.
You knew the following spells:

 Your Spells              Type           Power      Damage    Failure   Level
a - Scorch                Fire           52%        2d8       14%         2

Your spell library contained the following spells:

 Spells                   Type           Power      Damage    Failure   Level
 Freeze                   Ice            12%        1d4       88%         1
 Magic Dart               Conj           12%        1d3       88%         1
 Summon Small Mammal      Summ           12%        N/A       88%         1
 Call Imp                 Summ           3%         N/A       96%         2
 Call Canine Familiar     Summ           3%         N/A       99%         3
 Frozen Ramparts          Ice            6%         1d2       99%         3
 Mephitic Cloud           Conj/Pois/Air  3%         N/A       99%         3
 Portal Projectile        Hex/Tloc       6%         N/A       99%         3
 Summon Guardian Golem    Hex/Summ       3%         N/A       99%         3
 Hailstorm                Conj/Ice       3%         3d3       100%        4
 Ice Form                 Ice/Tmut       3%         N/A       100%        4
 Leda's Liquefaction      Hex/Erth       1%         N/A       100%        4
 Summon Ice Beast         Ice/Summ       3%         N/A       100%        4


Dungeon Overview and Level Annotations

Branches:
Dungeon (9/15)             Temple (0/1) D:6            Lair (0/6) D:8
    Orc: D:9-12

Altars:
Ashenzari
Dithmenos
Elyvilon
Gozag
Hepliaklqana
Kikubaaqudgha
Nemelex Xobeh
Okawaru
Ru
Uskayaw
Wu Jian

Shops:
D:6 [

Annotations:
D:6 Pikel
D:7 1 transporter


Message History

There is a stone staircase leading down here.
Items here: ))) [[[.
Casting: Scorch (safe; 14% risk of failure)
Confirm with . or Enter, or press ? or * to list all spells.
Flames lash the cyan ugly thing.
The cyan ugly thing is lightly wounded.
The cyan ugly thing's fire resistance burns away.
The cyan ugly thing barely misses you. The cyan ugly thing gores you!
The cyan ugly thing shocks you!
Casting: Scorch (safe; 14% risk of failure)
Confirm with . or Enter, or press ? or * to list all spells.
Flames lash the cyan ugly thing.
The cyan ugly thing is burned terribly!
The cyan ugly thing is moderately wounded.
The cyan ugly thing gores you. The cyan ugly thing shocks you!
The cyan ugly thing closely misses you.
Casting: Scorch (safe; 14% risk of failure)
Confirm with . or Enter, or press ? or * to list all spells.
Flames lash the cyan ugly thing.
The cyan ugly thing is burned terribly!
The cyan ugly thing is moderately wounded.
The cyan ugly thing is no longer more vulnerable to fire.
The cyan ugly thing gores you but does no damage.
The cyan ugly thing gores you! The cyan ugly thing shocks you!
* * * LOW HITPOINT WARNING * * *
Casting: Scorch (safe; 14% risk of failure)
Confirm with . or Enter, or press ? or * to list all spells.
Flames lash the cyan ugly thing.
The cyan ugly thing is moderately wounded.
The cyan ugly thing's fire resistance burns away.
The cyan ugly thing barely misses you.
The cyan ugly thing gores you but does no damage.
Casting: Scorch (safe; 14% risk of failure)
Confirm with . or Enter, or press ? or * to list all spells.
Flames lash the cyan ugly thing.
The cyan ugly thing is burned terribly!
The cyan ugly thing is heavily wounded.
The cyan ugly thing is no longer more vulnerable to fire.
The cyan ugly thing gores you but does no damage.
The cyan ugly thing gores you!
* * * LOW HITPOINT WARNING * * *
The cyan ugly thing shocks you!
You die...

#...## #.......#
.....## ###.#####
......## ##..#
.......####...##
.......'[......###
.......####......#
......## ##.###.#
.....## ### #u#
#...## #@# ##'##
#####.# #.#
#.....# #.#
#.#####
##.#########.#
#..........#.#
...........#.#
#..........#.#
...........#.#


You could see a cyan ugly thing.

Vanquished Creatures
  Harold (D:8)
  A wraith (D:9)
  Eustachio (D:6)
  A steam dragon (D:7)
  2 wargs (D:8)
  An ice beast (D:5)
  A black bear (D:6)
  3 orc warriors
  A necrophage (D:8)
  A centaur (D:5)
  2 phantoms
  4 lemures
  3 kobold brigands
  3 bullfrogs
  3 gnoll sergeants
  2 scorpions
  A killer bee (D:9)
  2 water moccasin skeletons
  10 wights
  2 howler monkeys
  3 hounds
  2 orc priests
  A gnoll shaman (D:5)
  A centaur skeleton (D:4)
  3 orc wizards
  2 iguanas
  A hound zombie (D:5)
  A hound skeleton (D:4)
  7 adders
  26 gnolls
  2 white imps
  An ufetubus (D:5)
  2 worms (D:2)
  2 dart slugs
  17 orcs
  8 ball pythons
  6 bats
  13 endoplasms
  3 giant cockroaches
  7 goblins
  14 hobgoblins
  2 jackals (D:1)
  3 quokkas
  3 frilled lizards
  23 kobolds
  5 rats
203 creatures vanquished.

Vanquished Creatures (others)
  A gnoll (D:7)
1 creature vanquished.

Grand Total: 204 creatures vanquished

Notes
Turn   | Place    | Note
-------+----------+-------------------------------------------
     0 | D:1      | kae the Hill Orc Cinder Acolyte began the quest for the
                  | Orb.
     0 | D:1      | Reached XP level 1. HP: 19/19 MP: 2/2
   625 | D:1      | Reached XP level 2. HP: 25/27 MP: 3/3
   850 | D:1      | Learned a level 2 spell: Scorch
   995 | D:1      | Reached XP level 3. HP: 29/33 MP: 4/4
  1091 | D:1      | Found a faded altar of an unknown god.
  1826 | D:2      | Reached skill level 5 in Axes
  2056 | D:2      | Reached XP level 4. HP: 40/40 MP: 1/6
  2888 | D:2      | Reached XP level 5. HP: 25/47 MP: 0/7
  3555 | D:3      | Reached skill level 6 in Axes
  3970 | D:3      | Found a white marble altar of Elyvilon.
  4045 | D:3      | Found an iron altar of Okawaru.
  4692 | D:4      | Reached XP level 6. HP: 52/53 MP: 7/9
  5074 | D:4      | Reached skill level 1 in Shields
  5385 | D:4      | Found an ancient bone altar of Kikubaaqudgha.
  5417 | D:4      | Found a sacrificial altar of Ru.
  5445 | D:4      | Reached skill level 5 in Fighting
  5953 | D:5      | Entered Level 5 of the Dungeon
  6031 | D:5      | Noticed an ice beast
  6048 | D:5      | Killed an ice beast
  6049 | D:5      | Reached skill level 7 in Axes
  6049 | D:5      | Reached XP level 7. HP: 8/61 MP: 2/10
  6440 | D:5      | Reached skill level 1 in Armour
  7022 | D:5      | Reached skill level 5 in Fire Magic
  7207 | D:5      | Reached XP level 8. HP: 67/69 MP: 12/12
  7266 | D:5      | Reached skill level 8 in Axes
  7868 | D:6      | Found an opulent altar of Gozag.
  8371 | D:6      | Reached skill level 9 in Axes
  8479 | D:6      | Found Xaywkiaw's Antique Armour Emporium.
  8626 | D:6      | Noticed Eustachio
  8910 | D:6      | Killed Eustachio
  8911 | D:6      | Reached XP level 9. HP: 49/78 MP: 12/14
  9065 | D:6      | Found a staircase to the Ecumenical Temple.
  9221 | D:7      | Noticed Pikel
  9571 | D:7      | Found a transporter.
  9575 | D:7      | Noticed a troll
  9784 | D:7      | Found a shadowy altar of Dithmenos.
 10487 | D:5      | HP: 2/78 [poisoned by a gnoll sergeant]
 10830 | D:6      | HP: 3/78 [lemure[Pikel] (8)]
 10838 | D:5      | HP: 2/78 [lemure[Pikel] (3)]
 10845 | D:5      | HP: 1/78 [lemure[Pikel] (5)]
 11330 | D:7      | Reached skill level 10 in Axes
 11549 | D:7      | Found an ornate altar of the Wu Jian Council.
 11678 | D:7      | Noticed an ogre mage
 12063 | D:8      | Found a hide-covered altar of Uskayaw.
 12083 | D:8      | Noticed Harold
 12106 | D:8      | Killed Harold
 12785 | D:8      | Found a hazy altar of Hepliaklqana.
 12808 | D:8      | Reached skill level 11 in Axes
 12879 | D:8      | Found a staircase to the Lair.
 12892 | D:8      | Reached XP level 10. HP: 66/86 MP: 16/16
 12907 | D:8      | Reached skill level 5 in Armour
 14995 | D:9      | Found a broken altar of Ashenzari.
 15115 | D:9      | Found a sparkling altar of Nemelex Xobeh.
 15237 | D:9      | Noticed a cyan ugly thing
 15237 | D:9      | Noticed a kobold demonologist
 15269 | D:8      | Slain by a cyan ugly thing

Illustrated notes

Levels and vault maps discovered:
D:1:      amcnicky_arrival_double_pillar, layout_basic,
          hellmonk_ecumenical_altar_arch_garden, minmay_hexomino_c4
D:2:      layout_loops_ring, minmay_increasing_density
D:3:      layout_loops_cross, mainiacjoe_overflow_catwalk, lemuel_round_altar,
          nrook_loot_triangle
D:4:      layout_layer_cave, mainiacjoe_overflow_alcove_1,
          mainiacjoe_overflow_cross_hatched
D:5:      layout_basic
D:6:      layout_basic, nicolae_gozag_cash_rules_everything_around_me,
          minmay_temple_entry_butterflies, serial_shops,
          nicolae_shop_waterfront, uniq_eustachio
D:7:      gammafunk_beogh_shrine, layout_gridville,
          nicolae_wu_jian_immortal_techniques, nicolae_dithmenos_shadow_blocks,
          uniq_pikel
D:8:      layout_loops_corners, nicolae_uskayaw_murder_on_the_dancefloor,
          general_overflow_altar, erik_lair_orcish_takeover, uniq_harold
D:9:      kennysheep_spiral_hall, layout_layer_cave,
          nemelex_diamond_rough_becter, evilmike_ruin_ashenzari, minivault_20

Skill      XL: |  1  2  3  4  5  6  7  8  9 10 |
---------------+-------------------------------+-----
Fighting       | 4 5 6 7 8 |  8.0
Axes           | 5 6 7 9 11 | 11.6
Fire Magic     | 4 5 6 7 |  7.2
Spellcasting   | 2 3 4 |  4.4
Shields        | 1 2 4 |  4.0
Armour         | 1 3 4 5 |  5.2

Action                   |  1- 3 |  4- 6 |  7- 9 | 10-12 || total
-------------------------+-------+-------+-------+-------++-------
Melee: Hand axe          |    88 |   123 |   391 |    68 ||   670
Throw: Throwing net      |       |       |     1 |       ||     1
 Cast: Scorch            |    13 |    35 |    19 |    33 ||   100
Evoke: Wand              |       |       |     3 |       ||     3
  Use: Scroll            |       |     6 |    11 |     3 ||    20
       Potion            |       |       |     4 |     2 ||     6
 Stab: Invisible         |       |       |     3 |       ||     3
Armor: Robe              |    17 |    14 |       |       ||    31
       Chain mail        |       |    43 |   236 |    40 ||   319
Dodge: Dodged            |    61 |    79 |   115 |    25 ||   280
Block: Buckler           |       |     8 |    82 |    16 ||   106

Table legend: (Time is in decaauts)
 A = Elapsed time spent in this place.
 B = Non-inter-level travel time spent in this place.
 C = Inter-level travel time spent in this place.
 D = Time resting spent in this place.
 E = Time spent auto-exploring this place.
 F = Levels seen in this place.
 G = Mean time per level.
                   A        B        C        D        E       F      G
               +--------+--------+--------+--------+--------+-----+--------+
         Total |  15246 |  14720 |    526 |   3574 |   9235 |   9 | 1694.0 |
       Dungeon |  15246 |  14720 |    526 |   3574 |   9235 |   9 | 1694.0 |
               +--------+--------+--------+--------+--------+-----+--------+

Top non-repeatable levels by time:
     D:5: 2594 daAuts
     D:6: 1921 daAuts
     D:8: 1898 daAuts
     D:1: 1730 daAuts
     D:2: 1715 daAuts
     D:9: 1649 daAuts
     D:4: 1541 daAuts
     D:3: 1108 daAuts
     D:7: 1086 daAuts
